[Event "16th IND-chT Women 2018"]
[Site "Patia"]
[Date "2018.02.09"]
[Round "2"]
[White "Salonika, Saina"]
[Black "Vijayalakshmi, Subbaraman"]
[Result "1-0"]
[ECO "C84"]
[WhiteElo "2151"]
[BlackElo "2352"]
[Annotator "ChessBase"]
[PlyCount "89"]
[EventDate "2018.??.??"]
[EventType "team-tourn"]
[EventCountry "IND"]
[SourceTitle "playchess.com"]
[Source "ChessBase"]
[SourceQuality "1"]
[TimeControl "5400+30"]

1. e4 e5 2. Nf3 Nc6 3. Bb5 a6 4. Ba4 Nf6 5. d4 exd4 6. O-O Be7 7. e5 Ne4 8. Re1 Nc5 9. Bxc6 dxc6 10. Nxd4 O-O 11. Nc3 Re8 12. Be3 Bf8 13. f4 a5 14. Qf3 f5 15. Rad1 Qe7 16. Bf2 Qf7 17. Kh1 Be7 18. Nxc6 Bf8 19. Bxc5 Bxc5 20. Nd8 Qe7 21. Qd5+ Kf8 22. e6 Bd6 23. Qxf5+ Qf6 24. Qxh7 Qh6 25. Qxh6 gxh6 26. Nf7 Bxf4 27. Rf1 Bxe6 28. Ne5 Kg7 29. Rxf4 Ra6 30. Nf3 Rb6 31. b3 Rc6 32. Rd3 Re7 33. h3 Bf7 34. Nd4 Re1+ 35. Kh2 Rf6 36. Rg3+ Rg6 37. Re4 Rc1 38. Rxg6+ Kxg6 39. Re2 c6 40. Nf3 Kg7 41. Ne4 b5 42. Ne5 Bd5 43. Nc3 b4 44. Nxd5 cxd5 45. Nc6 1-0

[Event "16th IND-chT Women 2018"]
[Site "Patia"]
[Date "2018.02.12"]
[Round "5"]
[White "Chitlange, Sakshi"]
[Black "Sribrinda, Rout"]
[Result "1-0"]
[ECO "D00"]
[WhiteElo "2089"]
[BlackElo "1564"]
[Annotator "NA RC"]
[PlyCount "63"]
[EventDate "2018.??.??"]
[EventType "team-tourn"]
[EventCountry "IND"]
[SourceTitle "playchess.com"]
[Source "ChessBase"]
[SourceQuality "1"]
[TimeControl "5400+30"]

1. d4 d5 2. Bf4 Nf6 3. e3 a6 {D00: 1 d4 d5: Unusual lines} (3... c5 4. Nd2 Nc6 5. c3 Bf5 6. Ngf3 e6 7. Be2 Bd6 8. dxc5 Bxc5 9. Nd4 Bg6 10. Qa4 O-O 11. Nxc6 bxc6 12. Qxc6 Rc8 13. Qa4 Re8 14. O-O e5 {0-1 (57) Le,Q (2737)-Ding,L (2777) Riadh 2017}) 4. Nd2 Nc6 5. c3 Bf5 6. Ngf3 Nh5 $146 ({Predecessor:} 6... e6 7. Be2 Bd6 8. Bg3 O-O 9. Ne5 Bxe5 10. dxe5 Nd7 11. f4 f6 12. exf6 Nxf6 13. Bh4 {1-0 (39) Daneri,M (2135)-Lallana,D (1985) Montevideo 2013}) 7. Bg5 h6 8. Bh4 g5 9. Ne5 Nxe5 10. dxe5 Bg6 11. Be2 Ng7 12. Bg3 Nf5 13. e6 fxe6 (13... Bg7 $11) 14. Be5 (14. Bh5 $14 Bxh5 15. Qxh5+ Kd7 16. e4 Nxg3 17. hxg3) 14... Bg7 15. Bxg7 Nxg7 16. h4 gxh4 (16... Kf7 $11 {keeps the balance.}) 17. Qa4+ Qd7 (17... c6 $14) 18. Qg4 Kf7 19. Qf4+ Kg8 20. Rxh4 Qd6 21. Rxh6 Qxf4 22. Rxh8+ Kxh8 23. exf4 Nh5 24. g3 Nf6 25. Bf3 (25. Nb3 $16) 25... Kg7 26. Ke2 Bh5 (26... c6 $14) 27. Bxh5 Nxh5 28. Nf3 Kf6 $2 (28... Kg6 $16) 29. Rh1 Ng7 30. Rh6+ Kf5 $2 (30... Kf7 $18 31. g4 Kg8) 31. Nd4+ Ke4 32. f3# 1-0